 Dungeon Crawl Stone Soup version 0.21.1-1-g345015fe64 (webtiles) character file.

1435 Ablot the Sneak (level 8, -1/58 HPs)
             Began as a Gnoll Enchanter on July 21, 2018.
             Was an Initiate of Cheibriados.
             Slain by a warg (8 damage)
             ... on level 7 of the Dungeon.
             The game lasted 00:38:00 (6802 turns).

Ablot the Sneak (Gnoll Enchanter)                   Turns: 6802, Time: 00:38:01

Health: -1/58      AC:  5    Str: 12    XL:     8   Next: 73%
Magic:  5/17       EV: 16    Int: 19    God:    Cheibriados [......]
Gold:   426        SH:  0    Dex: 18    Spells: 6/19 levels left

rFire    + . .     SeeInvis .   K - +0 dagger (venom)
rCold    + . .     Gourm    .   (no shield)
rNeg     . . .     Faith    .   b - +0 robe
rPois    +         Spirit   .   E - +0 helmet
rElec    +         Reflect  .   g - +0 cloak
rCorr    +         Harm     .   D - +0 pair of gloves
MR       .....                  (no boots)
Stlth    ++++......             (no amulet)
HPRegen  0.19/turn              (no ring)
MPRegen  0.15/turn              (no ring)

@: resistant, very slightly contaminated, very slow
A: distributed training, fangs 1, strong nose
a: Bend Time, Renounce Religion


You were on level 7 of the Dungeon.
You worshipped Cheibriados.
Cheibriados was noncommittal.
You were not hungry.

You visited 2 branches of the dungeon, and saw 8 of its levels.
You also visited: Sewer.

You collected 426 gold pieces.

Inventory:

Hand Weapons
 k - a +2 dagger of holy wrath
 l - a +0 blowgun
 K - a +0 dagger of venom (weapon)
Missiles
 e - 76 bolts
 p - 37 poisoned needles
 H - 6 tomahawks (quivered)
Armour
 b - a +0 robe (worn)
 g - a +0 cloak (worn)
 D - a +0 pair of gloves (worn)
 E - a +0 helmet (worn)
Jewellery
 F - an uncursed ring of see invisible {unknown}
Wands
 y - a wand of flame (24)
Scrolls
 h - 8 scrolls of teleportation
 m - a scroll of identify
 n - 2 scrolls of enchant weapon {unknown}
 r - 2 scrolls of amnesia
 s - 3 scrolls of magic mapping {unknown}
 u - a scroll of remove curse
 w - 2 scrolls of fear
 x - 2 scrolls of fog
Potions
 f - 2 potions of resistance
 i - a potion of lignification {unknown}
 j - 3 potions of brilliance
 o - 2 potions of haste {unknown}
 q - 3 potions of magic
 t - 4 potions of curing
 v - 2 potions of flight {unknown}
 A - a potion of berserk rage {unknown}
 C - 2 potions of heal wounds {unknown}
 J - 2 potions of degeneration {unknown}
Books
 c - a book of Maledictions

   Spells                             Type                      Level
   a - Corona                         Hexes                        1
   b - Ensorcelled Hibernation        Hexes/Ice                    2
   c - Confuse                        Hexes                        3
   d - Tukima's Dance                 Hexes                        3
   e - Dazzling Spray                 Conjuration/Hexes            3
 z - a book of Changes

   Spells                             Type                      Level
   a - Beastly Appendage              Transmutation                1
   b - Sticks to Snakes               Transmutation                2
   c - Spider Form                    Transmutation/Poison         3
   d - Ice Form                       Ice/Transmutation            4
   e - Blade Hands                    Transmutation                5
 B - a book of Cantrips

   Spells                             Type                      Level
   a - Confusing Touch                Hexes                        1
   b - Animate Skeleton               Necromancy                   1
   c - Summon Small Mammal            Summoning                    1
   d - Apportation                    Translocation                1
Comestibles
 d - 16 rations


   Skills:
 + Level 3.4 Fighting
 + Level 4.3 Short Blades
 + Level 3.4 Long Blades
 + Level 3.4 Axes
 + Level 3.4 Maces & Flails
 + Level 3.4 Polearms
 + Level 3.4 Staves
 + Level 3.4 Slings
 + Level 3.4 Bows
 + Level 3.4 Crossbows
 + Level 3.4 Throwing
 + Level 3.4 Armour
 + Level 5.8 Dodging
 + Level 7.0 Stealth
 + Level 3.4 Shields
 + Level 3.4 Unarmed Combat
 + Level 6.1 Spellcasting
 + Level 2.8 Conjurations
 + Level 6.2 Hexes
 + Level 2.8 Charms
 + Level 2.8 Summonings
 + Level 2.8 Necromancy
 + Level 2.8 Translocations
 + Level 2.8 Transmutations
 + Level 2.8 Fire Magic
 + Level 2.8 Ice Magic
 + Level 2.8 Air Magic
 + Level 2.8 Earth Magic
 + Level 2.8 Poison Magic
 + Level 3.8 Invocations
 + Level 3.4 Evocations


You had 6 spell levels left.
You knew the following spells:

 Your Spells              Type           Power        Failure   Level  Hunger
a - Corona                Hex            ####...      1%          1    None
b - Summon Small Mammal   Summ           ###.         3%          1    None
c - Confuse               Hex            ####....     2%          3    ##.....
d - Tukima's Dance        Hex            ####....     2%          3    ##.....
s - Dazzling Spray        Conj/Hex       ###...       4%          3    ##.....
x - Ensorcelled Hibernat  Hex/Ice        ###...       2%          2    None


Dungeon Overview and Level Annotations

Branches:
Dungeon (7/15)             Temple (1/1) D:7

Altars:
Cheibriados
Dithmenos
Elyvilon
Fedhas
Gozag
Hepliaklqana
Kikubaaqudgha
Makhleb
Nemelex Xobeh
Qazlal
Ru
Sif Muna
Trog
Uskayaw
Vehumet
Wu Jian
Yredelemnul
Zin
The Shining One

Shops:
D:4 =


Innate Abilities, Weirdness & Mutations

Your experience applies equally to all skills.
You have very sharp teeth.
Your uncanny sense of smell can sniff out nearby items.


Message History

The warg is moderately wounded.
The warg closely misses you. The warg barely misses you. The warg bites you.
The warg closely misses you.
Casting: Dazzling Spray
Confirm with . or Enter, or press ? or * to list all spells.
Aiming: Dazzling Spray
Press: ? - help, Shift-Dir - straight line, f/p - warg
Aim: a warg (moderately wounded)
You miscast Dazzling Spray.
Sparks fly from your hands! The warg bites you. The warg bites you!
* * * LOW HITPOINT WARNING * * *
The warg bites you.
* * * LOW HITPOINT WARNING * * *
The warg bites you.
* * * LOW HITPOINT WARNING * * *
The warg barely misses you.
It was a potion of resistance.
You feel protected. The warg bites you!
You die...

.#.........####.#...#
##.##.##.## #.##..# ∆
.........# #.##..#
...#..##### #.##..#
.. #.# #.###.## ..
#......# #..##..#
#..##..# #h@##..#
..####hh###>#
.......[o# ##.
....####.# ##
.........########
.....h..........
.o.......†......
≈≈≈....≈≈≈≈≈≈≈≈≈
≈≈≈....≈≈≈≈≈≈≈≈≈


You could see 3 wargs and an orc.

Vanquished Creatures
  A warg (D:7)
  A sky beast (D:6)
  A phantom (D:6)
  2 ogres
  2 big kobolds (Sewer)
  A wyvern zombie (D:6)
  A bullfrog (D:6)
  A gnoll sergeant (D:3)
  A scorpion (D:4)
  2 hounds
  A centaur skeleton (D:7)
  Ijyb (D:3)
  An iguana (D:4)
  6 orc wizards
  A worker ant (D:5)
  A hound skeleton (D:6)
  7 gnolls
  9 adders
  4 river rats (Sewer)
  An ooze (D:2)
  3 adder skeletons
  A worm (Sewer)
  2 leopard geckos
  18 orcs
  7 giant cockroaches
  8 hobgoblins
  2 jackals (D:2)
  17 kobolds
  A quokka (D:3)
  6 ball pythons
  7 bats
  3 frilled lizards
  7 goblins
  A jackal skeleton (D:5)
  A leopard gecko skeleton (D:5)
  A quokka zombie (D:6)
  7 rats
137 creatures vanquished.

Vanquished Creatures (collateral kills)
  An orc (D:5)
1 creature vanquished.

Vanquished Creatures (others)
  A quokka (D:6)
1 creature vanquished.

Grand Total: 139 creatures vanquished

Notes
Turn   | Place    | Note
-------+----------+-------------------------------------------
     0 | D:1      | Ablot the Gnoll Enchanter began the quest for the Orb.
     0 | D:1      | Reached XP level 1. HP: 13/13 MP: 6/6
   273 | D:1      | Reached XP level 2. HP: 7/19 MP: 5/7
   674 | D:1      | Learned a level 2 spell: Ensorcelled Hibernation
  1384 | D:2      | Reached XP level 3. HP: 25/25 MP: 7/9
  1405 | D:2      | Reached skill level 5 in Spellcasting
  1488 | D:2      | Reached skill level 6 in Stealth
  1502 | D:2      | Learned a level 3 spell: Confuse
  1506 | D:2      | Learned a level 3 spell: Tukima's Dance
  1510 | D:2      | Learned a level 3 spell: Dazzling Spray
  1759 | D:2      | Reached skill level 1 in Invocations
  1825 | D:2      | Reached skill level 1 in Fighting
  1825 | D:2      | Reached skill level 1 in Long Blades
  1825 | D:2      | Reached skill level 1 in Axes
  1825 | D:2      | Reached skill level 1 in Maces & Flails
  1825 | D:2      | Reached skill level 1 in Polearms
  1825 | D:2      | Reached skill level 1 in Staves
  1825 | D:2      | Reached skill level 1 in Slings
  1825 | D:2      | Reached skill level 1 in Bows
  1825 | D:2      | Reached skill level 1 in Crossbows
  1825 | D:2      | Reached skill level 1 in Throwing
  1825 | D:2      | Reached skill level 1 in Armour
  1825 | D:2      | Reached skill level 1 in Shields
  1825 | D:2      | Reached skill level 1 in Unarmed Combat
  1825 | D:2      | Reached skill level 1 in Evocations
  1834 | D:2      | Reached XP level 4. HP: 32/32 MP: 8/11
  2094 | D:3      | Found a basalt altar of Yredelemnul.
  2339 | D:3      | Found a glowing drain.
  2372 | Sewer    | Entered a sewer
  2683 | Sewer    | Reached skill level 1 in Conjurations
  2683 | Sewer    | Reached skill level 1 in Charms
  2683 | Sewer    | Reached skill level 1 in Summonings
  2683 | Sewer    | Reached skill level 1 in Necromancy
  2683 | Sewer    | Reached skill level 1 in Translocations
  2683 | Sewer    | Reached skill level 1 in Transmutations
  2683 | Sewer    | Reached skill level 1 in Fire Magic
  2683 | Sewer    | Reached skill level 1 in Ice Magic
  2683 | Sewer    | Reached skill level 1 in Air Magic
  2683 | Sewer    | Reached skill level 1 in Earth Magic
  2683 | Sewer    | Reached skill level 1 in Poison Magic
  3020 | Sewer    | Reached XP level 5. HP: 34/37 MP: 7/12
  3062 | Sewer    | Noticed a big kobold
  3084 | Sewer    | Killed a big kobold
  3484 | Sewer    | Noticed a big kobold
  3503 | Sewer    | Killed a big kobold
  3503 | Sewer    | Reached XP level 6. HP: 44/44 MP: 7/13
  3655 | D:3      | Noticed Ijyb
  3683 | D:3      | Killed Ijyb
  3683 | D:3      | Reached skill level 5 in Dodging
  4052 | D:3      | Found a white marble altar of Elyvilon.
  4246 | D:4      | Learned a level 1 spell: Summon Small Mammal
  4272 | D:4      | Reached XP level 7. HP: 39/50 MP: 11/15
  4464 | D:4      | Found Alofreto's Jewellery Emporium.
  4960 | D:5      | Entered Level 5 of the Dungeon
  5741 | D:6      | Found a white marble altar of Elyvilon.
  5905 | D:6      | Reached XP level 8. HP: 33/57 MP: 16/16
  6005 | D:6      | Found an opulent altar of Gozag.
  6574 | D:7      | Found a staircase to the Ecumenical Temple.
  6606 | Temple   | Entered the Ecumenical Temple
  6617 | Temple   | Became a worshipper of Cheibriados the Contemplative
  6790 | D:7      | Reached skill level 7 in Stealth
  6802 | D:7      | Slain by a warg

Skill      XL: |  1  2  3  4  5  6  7  8 |
---------------+-------------------------+-----
Spellcasting   | 5 6 |  6.1
Stealth        | 6 7 |  7.0
Invocations    | 1 2 3 |  3.8
Fighting       | 1 2 3 |  3.4
Long Blades    | 1 2 3 |  3.4
Axes           | 1 2 3 |  3.4
Maces & Flails | 1 2 3 |  3.4
Polearms       | 1 2 3 |  3.4
Staves         | 1 2 3 |  3.4
Slings         | 1 2 3 |  3.4
Bows           | 1 2 3 |  3.4
Crossbows      | 1 2 3 |  3.4
Throwing       | 1 2 3 |  3.4
Armour         | 1 2 3 |  3.4
Shields        | 1 2 3 |  3.4
Unarmed Combat | 1 2 3 |  3.4
Evocations     | 1 2 3 |  3.4
Conjurations   | 1 2 |  2.8
Charms         | 1 2 |  2.8
Summonings     | 1 2 |  2.8
Necromancy     | 1 2 |  2.8
Translocations | 1 2 |  2.8
Transmutations | 1 2 |  2.8
Fire Magic     | 1 2 |  2.8
Ice Magic      | 1 2 |  2.8
Air Magic      | 1 2 |  2.8
Earth Magic    | 1 2 |  2.8
Poison Magic   | 1 2 |  2.8
Short Blades   | 3 4 |  4.3
Dodging        | 5 |  5.8
Hexes          | 6 |  6.2

Action                   |  1- 3 |  4- 6 |  7- 9 || total
-------------------------+-------+-------+-------++-------
Melee: Dagger            |   107 |   177 |   135 ||   419
       Bite              |    11 |    16 |    33 ||    60
       Short sword       |       |       |   126 ||   126
       Punch             |       |       |     2 ||     2
 Fire: Blowgun           |       |    10 |       ||    10
 Cast: Corona            |    14 |    18 |    17 ||    49
       Confuse           |     1 |    18 |    13 ||    32
       Ensorcelled Hiber |       |     3 |       ||     3
       Dazzling Spray    |       |     3 |    10 ||    13
       Tukima's Dance    |       |       |     5 ||     5
       Summon Small Mamm |       |       |     2 ||     2
  Use: Scroll            |       |       |    10 ||    10
       Potion            |       |       |     1 ||     1
 Stab: Sleeping          |    11 |     7 |     7 ||    25
       Confused          |     1 |     8 |     7 ||    16
       Invisible         |       |     2 |     6 ||     8
       Distracted        |       |       |     1 ||     1
  Eat: Chunk             |     3 |     9 |    10 ||    22
Armor: Robe              |    10 |    25 |    46 ||    81
Dodge: Dodged            |    76 |    95 |   132 ||   303
